 Dungeon Crawl Stone Soup version 0.17-a0-1382-gc46a074 (webtiles) character file.

52 ololoev the Slasher (level 3, 0/29 HPs)
             Began as a Mummy Chaos Knight on June 15, 2015.
             Slain by an ogre (11 damage)
             ... on level 2 of the Dungeon.
             The game lasted 00:02:21 (1301 turns).

ololoev the Slasher (Mummy Chaos Knight)            Turns: 1301, Time: 00:02:21

Health: 0/29       AC:  5    Str: 16    XL:     3   Next: 60%
Magic:  3/3        EV: 11    Int: 11    God:    Xom [.*....]
Gold:   56         SH:  0    Dex: 14    Spells: 0 memorised, 2 levels left

rFire  x . .     SeeInvis .     a - +0 falchion (chaos)
rCold  + . .     Clarity  .     b - +2 leather armour
rNeg   + + +     SustAt   .     (no shield)
rPois  ∞         Gourm    .     (no helmet)
rElec  .         Spirit   .     (no cloak)
rCorr  .         Warding  .     (no gloves)
rMut   +         Stasis   .     (no boots)
MR     .....                    c - amulet of resist mutation
Stlth  +.........               (no ring)
                                i - +3 ring of dexterity

@: not resistant to hostile enchantments, very unstealthy
A: no food or potions, fire vulnerability, cold resistance 1, negative energy
resistance 3, torment resistance, unbreathing
a: Renounce Religion


Innate Abilities, Weirdness & Mutations

You do not eat or drink.
Your flesh is vulnerable to fire.
You are immune to poison.
Your flesh is cold resistant.
You are immune to negative energy.
You are immune to unholy pain and torment.
You can survive without breathing.

Inventory:

Hand weapons
 a - a +0 falchion of chaos (weapon)
Armour
 b - a +2 leather armour (worn)
Jewellery
 c - an amulet of resist mutation (around neck)
 i - a +3 ring of dexterity (left hand)
Scrolls
 d - a scroll of remove curse {unknown}
 e - 2 scrolls of teleportation {unknown}
 f - 3 scrolls of identify {unknown}
 g - a scroll of random uselessness {unknown}
 h - a scroll of fog {unknown}
 j - 2 scrolls of amnesia {unknown}
 k - a scroll of recharging {unknown}


   Skills:
 - Level 3.0 Fighting
 * Level 3.4 Long Blades
 + Level 2.2 Armour
 - Level 0.7 Dodging


You had 2 spell levels left.
You didn't know any spells.


You were on level 2 of the Dungeon.
You worshipped Xom.
You were a plaything of Xom.
You were not hungry.

You visited 1 branch of the dungeon, and saw 2 of its levels.

You collected 56 gold pieces.

#. ###..## ##.#.#
.# ###....# #....
.. #......## ##.###
#. #.#.###.###.##
#. #.#.####...#####
#.##†#..†###.####.#
#....###.# #.###...
#..#####.###.##....
#.@# #............
#.O# #..###.##....
#..# #..# #.###...
#..# #..# ..# ##.#
#... ...##(## #.#
##.# ###(... #.#
#.# ####. #.# #.#
#.#####.. #..>.....

Notes
Turn   | Place    | Note
--------------------------------------------------------------
     0 | D:1      | ololoev the Mummy Chaos Knight began the quest for the Orb.
     0 | D:1      | Reached XP level 1. HP: 18/18 MP: 1/1
   252 | D:1      | Reached XP level 2. HP: 24/24 MP: 2/2
   397 | D:1      | XOM is BORED!
   397 | D:1      | XOM: silly message
   444 | D:1      | XOM: harmless Chrm miscast
   664 | D:1      | XOM: medium Pois miscast
   686 | D:1      | Reached XP level 3. HP: 29/29 MP: 3/3
   761 | D:1      | XOM is BORED!
   761 | D:1      | XOM: mild Tloc miscast
  1022 | D:2      | XOM: 3-stop teleportation journey
  1294 | D:2      | Noticed an ogre
  1294 | D:2      | a worm changed into an ogre
  1301 | D:2      | Slain by an ogre

Dungeon Overview and Level Annotations

Branches:
Dungeon (2/15)

Altars:


Message History

You hit the worm.
The worm evaporates and reforms as an ogre!
The ogre hits you.
You hit the ogre.
The ogre is lightly wounded.
The ogre completely misses you.
You hit the ogre.
You heal the ogre.
The ogre is completely healed.
The ogre barely misses you.
You hit the ogre.
Space bends around the ogre.
The ogre is moderately wounded.
The ogre hits you!
You are too injured to fight recklessly!
You are too injured to fight recklessly!
You are too injured to fight recklessly!
You are too injured to fight recklessly!
You are too injured to fight recklessly!
You are too injured to fight recklessly!
You are too injured to fight recklessly!
You are too injured to fight recklessly!
You are too injured to fight recklessly!
You are too injured to fight recklessly!
You are too injured to fight recklessly!
You are too injured to fight recklessly!
You are too injured to fight recklessly!
You are too injured to fight recklessly!
You are too injured to fight recklessly!
You hit the ogre.
The ogre is moderately wounded.
The ogre hits you but does no damage.
You slash the ogre! You burn the ogre.
The ogre is severely wounded.
The ogre hits you but does no damage.
You hit the ogre.
The ogre is severely wounded.
The ogre barely misses you. The ogre hits you.
You hit the ogre but do no damage.
The ogre is severely wounded.
The ogre hits you!
You die...
Xom snickers!

You could see an ogre.

Vanquished Creatures
  An adder (D:2)
  An ooze (D:1)
  2 giant geckos (D:1)
  8 bats
  A giant cockroach (D:1)
  6 hobgoblins
  2 ball pythons
  A giant newt (D:2)
  4 goblins
  8 kobolds
  4 rats
38 creatures vanquished.

Action                   || total
-------------------------++-------
Melee: Falchion          ||   110
 Stab: Petrifying        ||     1

Vault maps used:
D:1:      eino_arrival_tree_alley
